 Dungeon Crawl Stone Soup version 0.29-a0-334-gb41bcbb86e (webtiles) character file.

Game seed: 16093911313020885834

70 quinnr the Gusty (level 4, -1/24 HPs)
             Began as a Tengu Air Elementalist on Apr 14, 2022.
             Slain by a polar bear (5 damage)
             ... created by the rage of Trog
             ... on level 3 of the Dungeon.
             The game lasted 00:07:27 (2589 turns).

quinnr the Gusty (Tengu Air Elementalist)           Turns: 2589, Time: 00:07:29

Health: -1/24      AC:  3    Str:  8    XL:     4   Next: 22%
Magic:  8/8        EV: 12    Int: 18    God:
Gold:   148        SH:  4    Dex: 14    Spells: 6/7 levels left

rFire   . . .      SeeInvis .   (no weapon)
rCold   . . .      Faith    .   m - +0 buckler
rNeg    . . .      Spirit   .   a - +0 robe
rPois   .          Reflect  .   (helmet restricted)
rElec   .          Harm     .   (no cloak)
rCorr   .          Rampage  .   k - +0 pair of gloves
Will    .....                   (boots unavailable)
Stlth   ++........              (no amulet)
HPRegen 0.08/turn               (no ring)
MPRegen 0.11/turn               (no ring)

@: hasted, very quick
A: beak, talons 3
a: no special abilities


You were on level 3 of the Dungeon.
You visited 1 branch of the dungeon, and saw 3 of its levels.

You collected 148 gold pieces.

Inventory:

Armour
 a - a +0 robe (worn)
 j - an orb of wrath
 k - a +0 pair of gloves (worn)
 m - a +0 buckler (worn)
 p - the +1 leather armour of Supple Strength {-Cast rElec rCorr Str+2}
   (You found it on level 2 of the Dungeon)

   Str:       It affects your strength (+2).
   rElec:     It insulates you from electricity.
   -Cast:     It prevents spellcasting.
   rCorr:     It protects you from acid and corrosion.
Jewellery
 e - an amulet of reflection
Scrolls
 d - 3 scrolls of teleportation {unknown}
 l - a scroll of fog {unknown}
 q - a scroll of amnesia {unknown}
 r - a scroll of noise {unknown}
Potions
 b - a potion of magic
 c - a potion of mutation {unknown}
 f - a potion of ambrosia {unknown}
 g - a potion of might {unknown}
 h - a potion of curing {unknown}
 n - a potion of brilliance {unknown}


   Skills:
 - Level 2.1 Dodging
 - Level 2.0 Stealth
 + Level 1.0 Shields
 - Level 2.0 Spellcasting
 - Level 1.3 Conjurations
 - Level 6.3 Air Magic


You had 6 spell levels left.
You knew the following spells:

 Your Spells              Type           Power      Damage    Failure   Level
a - Shock                 Conj/Air       60%        1d6       4%          1

Your spell library contained the following spells:

 Spells                   Type           Power      Damage    Failure   Level
 Swiftness                Air            24%        N/A       5%          3
 Static Discharge         Conj/Air       15%        N/A       8%          2
 Airstrike                Air            12%        N/A       19%         4
 Summon Small Mammal      Summ           4%         N/A       24%         1
 Call Canine Familiar     Summ           1%         N/A       58%         3
 Summon Guardian Golem    Hex/Summ       1%         N/A       58%         3


Dungeon Overview and Level Annotations

Branches:
Dungeon (3/15)

Altars:
Trog


Innate Abilities, Weirdness & Mutations

You have a beak for a mouth.
You have claws for feet.


Message History

The zap hits the frilled lizard.
You kill the frilled lizard!
A rat comes into view.
The zap misses the rat.
A rat is nearby!
The zap hits the rat.
The rat is moderately wounded.
A rat is nearby!
The zap misses the rat.
A rat is nearby!
The zap hits the rat.
You kill the rat!
Key pressed, stopping explore.
You can't see any susceptible monsters within range! (Use Z to cast anyway.) Magic restored.
Things that are here:
a +0 club; a goblin corpse You can't see any susceptible monsters within range! (Use Z to cast anyway.)
You see here a +0 ring mail.
Key pressed, stopping explore.
You can't see any susceptible monsters within range! (Use Z to cast anyway.)
Found a ring mail.
Key pressed, stopping explore.
r - a scroll labelled WURHU QENOPEPS Key pressed, stopping explore.
Trog sends monsters to punish you. 2 black bears and 3 polar bears come into view.
There are monsters nearby!
There are monsters nearby!
Unknown command.
As you read the scroll labelled HINASO OMMIS, it crumbles to dust.
It is a scroll of identify.
o - a potion of haste You feel yourself speed up.
The polar bear bites you!
Ouch! That really hurt!
* * * LOW HITPOINT WARNING * * *
The polar bear claws you.
* * * LOW HITPOINT WARNING * * *
The polar bear claws you.
You die...

#.##.#....# ######
#.##.........#
#............#
######...#..#
##.#...≈..#
#......≈..#
#.h#.≈....#
...#####h#....≈..#
.....hh@h##..≈...#
.#.########.....##
.≈.### ###


You could see 3 polar bears and 2 black bears.

Vanquished Creatures
  2 adders (D:2)
  A shadow imp (D:3)
  2 dart slugs
  2 ball pythons (D:1)
  4 bats
  8 endoplasms
  A giant cockroach (D:1)
  3 goblins
  2 hobgoblins (D:2)
  2 jackals (D:1)
  2 quokkas
  5 frilled lizards
  A kobold (D:2)
  4 rats
39 creatures vanquished.

Notes
Turn   | Place    | Note
-------+----------+-------------------------------------------
     0 | D:1      | quinnr the Tengu Air Elementalist began the quest for the
                  | Orb.
     0 | D:1      | Reached XP level 1. HP: 10/10 MP: 4/4
   317 | D:1      | Reached XP level 2. HP: 15/15 MP: 3/6
   504 | D:1      | Reached skill level 5 in Air Magic
   856 | D:1      | Reached XP level 3. HP: 19/19 MP: 5/7
  1708 | D:2      | Reached skill level 6 in Air Magic
  1993 | D:2      | Reached XP level 4. HP: 24/24 MP: 4/8
  1995 | D:2      | Found a faded altar of an unknown god.
  1999 | D:2      | Identified the +1 leather armour of Supple Strength {-Cast
                  | rElec rCorr Str+2}
  2220 | D:2      | Prayed at the altar of an unknown god.
  2220 | D:2      | Became a worshipper of Trog the Wrathful
  2220 | D:2      | Reached * piety under Trog
  2261 | D:2      | Fell from the grace of Trog
  2461 | D:3      | Reached skill level 1 in Shields
  2588 | D:3      | Noticed a black bear
  2588 | D:3      | Noticed a polar bear
  2588 | D:3      | Noticed a black bear
  2588 | D:3      | Noticed a polar bear
  2588 | D:3      | Noticed a polar bear
  2589 | D:3      | Slain by a polar bear

Illustrated notes

Levels and vault maps discovered:
D:1:      sevenhm_arrival_forest_fort_large_2, layout_loops_ring,
          minmay_circled_x
D:2:      layout_basic, hellmonk_ecumenical_altar_arch_garden
D:3:      layout_loops_ring, nicolae_dithmenos_through_a_glass_darkly,
          chequers_serial_rivers_micro_c, minmay_ogre_servants, uniq_ijyb

Skill      XL: |  1  2  3  4 |
---------------+-------------+-----
Air Magic      | 5 6 |  6.3
Shields        | 1 |  1.0
Dodging        | |  2.1
Stealth        | |  2.0
Spellcasting   | |  2.0
Conjurations   | |  1.3

Action                   |  1- 3 |  4- 6 || total
-------------------------+-------+-------++-------
Melee: Unarmed           |     7 |       ||     7
       Kick              |     4 |       ||     4
       Peck              |     1 |       ||     1
 Cast: Shock             |    70 |    17 ||    87
Invok: Renounce Religion |       |     1 ||     1
  Use: Scroll            |       |     1 ||     1
       Potion            |       |     1 ||     1
Armor: Robe              |     8 |     1 ||     9
Dodge: Dodged            |    23 |     1 ||    24

Table legend: (Time is in decaauts)
 A = Elapsed time spent in this place.
 B = Non-inter-level travel time spent in this place.
 C = Inter-level travel time spent in this place.
 D = Time resting spent in this place.
 E = Time spent auto-exploring this place.
 F = Levels seen in this place.
 G = Mean time per level.
                   A        B        C        D        E       F      G
               +--------+--------+--------+--------+--------+-----+--------+
         Total |   2588 |   2433 |    155 |      0 |   2209 |   3 |  862.7 |
       Dungeon |   2588 |   2433 |    155 |      0 |   2209 |   3 |  862.7 |
               +--------+--------+--------+--------+--------+-----+--------+

Top non-repeatable levels by time:
     D:2: 1271 daAuts
     D:1: 1171 daAuts
     D:3: 145 daAuts
